 Dungeon Crawl Stone Soup version 0.31.0-11-ge490571c62 (webtiles) character file.

Game seed: 1632326729955807527

7839 browni3141 the Cleaver (level 11, -10/97 HPs)
             Began as a Minotaur Fighter on Jan 28, 2024.
             Was an Elder of Okawaru.
             Mangled by a white ugly thing (27 damage)
             ... on level 9 of the Dungeon.
             The game lasted 00:05:36 (8952 turns).

browni3141 the Cleaver (Minotaur Fighter)           Turns: 8952, Time: 00:05:36

Health: -10/97     AC: 22    Str: 24    XL:     11   Next: 2%
Magic:  11/12      EV:  9    Int:  5    God:    Okawaru [****..]
Gold:   399        SH:  9    Dex: 11    Spells: 10/10 levels left

rFire   . . .        l - +3 broad axe (freeze)
rCold   . . .        w - +2 buckler
rNeg    . . .        j - +0 plate armour
rPois   .            (helmet restricted)
rElec   .            B - +0 cloak
rCorr   .            u - +1 pair of gloves
SInv    .            F - +0 pair of boots
Will    .....        (no amulet) Stlth
                     (no ring)
HPRegen 0.36/turn    (no ring)
MPRegen 0.13/turn

%: no passive effects
@: heroic
A: horns 2, retaliatory headbutt
a: Renounce Religion, Heroism, Finesse


You were on level 9 of the Dungeon.
You worshipped Okawaru.
Okawaru was greatly pleased with you.
You visited 2 branches of the dungeon, and saw 10 of its levels.

You collected 644 gold pieces.
You spent 245 gold pieces at shops.

Inventory:

Hand Weapons
 a - a +0 war axe
 l - a +3 broad axe of freezing (weapon)
Missiles
 r - 12 boomerangs (quivered)
 C - 10 javelins
Armour
 b - a +0 scale mail
 c - a +0 buckler
 j - a +0 plate armour (worn)
 t - a +0 ring mail
 u - a +1 pair of gloves (worn)
 v - a +1 leather armour of poison resistance
 w - a +2 buckler (worn)
 B - a +0 cloak (worn)
 F - a +0 pair of boots (worn)
 L - +1 steam dragon scales
Jewellery
 k - an amulet of magic regeneration
 K - a ring of ice
 M - a ring of positive energy
 P - a ring of ice
Wands
 z - a wand of quicksilver (16)
 G - a wand of mindburst (11)
Scrolls
 f - 4 scrolls of vulnerability
 n - a scroll of teleportation
 p - 2 scrolls of immolation
 q - 2 scrolls of enchant armour
 s - 4 scrolls of fog
 y - a scroll of amnesia
 A - a scroll of noise
 D - a scroll of fear
 E - 2 scrolls of revelation
 J - a scroll of identify
 N - a scroll of poison
 O - a scroll of acquirement {unknown}
 Q - a scroll of torment {unknown}
Potions
 d - a potion of degeneration
 e - 2 potions of curing
 g - 3 potions of heal wounds
 h - 3 potions of brilliance
 i - 2 potions of enlightenment
 m - a potion of mutation {unknown}
 o - 2 potions of ambrosia {unknown}
 x - 2 potions of might
 H - a potion of invisibility {unknown}
 I - a potion of haste {unknown}


   Skills:
 + Level 9.3(14.3) Fighting
 * Level 12.2(17.2) Axes
 + Level 4.1(9.1) Throwing
 + Level 9.3(14.3) Armour
 + Level 9.4(14.4) Shields
 + Level 3.9 Invocations


You had 10 spell levels left.
You didn't know any spells.
Your spell library contained the following spells:

 Spells                   Type           Power      Damage    Failure   Level
 Freeze                   Ice            0%         1d3       99%         1
 Necrotise                Necr           0%         1d4       99%         1
 Sandblast                Erth           0%         2d4       99%         1
 Slow                     Hex            0%         N/A       99%         1
 Sting                    Conj/Alch      0%         1d3       99%         1
 Ensorcelled Hibernation  Hex/Ice        0%         N/A       100%        2
 Mercury Vapours          Alch/Air       0%         N/A       100%        2
 Scorch                   Fire           0%         2d5       100%        2
 Confusing Touch          Hex            0%         N/A       100%        3
 Frozen Ramparts          Ice            0%         1d1       100%        3
 Hailstorm                Conj/Ice       0%         3d5       100%        3
 Passwall                 Erth           0%         N/A       100%        3
 Sigil of Binding         Hex            0%         N/A       100%        3
 Stone Arrow              Conj/Erth      0%         3d7       100%        3
 Swiftness                Air            0%         N/A       100%        3
 Vampiric Draining        Necr           0%         2d6       100%        3
 Brom's Barrelling Bould  Conj/Erth      0%         2d3       100%        4
 Flame Wave               Conj/Fire      0%         2d4       100%        4
 Manifold Assault         Tloc           0%         N/A       100%        4
 Olgreb's Toxic Radiance  Alch           0%         N/A       100%        4
 Curse of Agony           Necr           0%         N/A       100%        5
 Dispersal                Tloc           0%         N/A       100%        6
 Disjunction              Tloc           0%         N/A       100%        8
 Summon Small Mammal      Summ           Unusable   N/A       N/A         1
 Call Canine Familiar     Summ           Unusable   N/A       N/A         3
 Martyr's Knell           Necr/Summ      Unusable   N/A       N/A         4
 Summon Blazeheart Golem  Fire/Summ      Unusable   N/A       N/A         4
 Summon Cactus Giant      Summ           Unusable   N/A       N/A         6

Dungeon Overview and Level Annotations

Branches:
Dungeon (9/15)             Temple (1/1) D:6
   Lair: D:8-11         Orc: D:9-12

Altars:
Ashenzari
Cheibriados
Dithmenos
Elyvilon
Fedhas
Gozag
Hepliaklqana
Kikubaaqudgha
Makhleb
Nemelex Xobeh
Okawaru
Qazlal
Ru
Sif Muna
Trog
Uskayaw
Vehumet
Wu Jian
Xom
Yredelemnul
Zin
The Shining One

Shops:
D:4 ?   D:5 (


Innate Abilities, Weirdness & Mutations

You have a pair of horns on your head.
You reflexively headbutt those who attack you in melee.


Message History

The gnoll bouda is severely wounded.
The gnoll bouda barely misses you.
You slice the gnoll bouda!! You freeze the gnoll bouda.
You kill the gnoll bouda!
Okawaru accepts your kill.
Maurice mumbles some strange words.
Maurice blinks!
Items here: ( ))) [ †.
Your attacks no longer feel as feeble.
Maurice zaps a wand.
The mass of ice explodes!
The iceblast engulfs you.
There is an open door here.
Maurice zaps a wand.
The mass of ice explodes!
The iceblast engulfs you.
You hear a horrible gurgling sound!
Things that are here:
a +0 halberd; a gnoll corpse Maurice gestures wildly while chanting.
Maurice blinks!
Aiming: Mindburst
Press: ? - help, Shift-Dir - straight line, f - Maurice
Aim: Maurice, wielding a +0 short sword, wearing a +0 cloak and carrying a wand of iceblast (chance to affect: 64%) Maurice's mind is blasted!
Aiming: Mindburst
Press: ? - help, Shift-Dir - straight line, f/p - Maurice
Aim: Maurice, wielding a +0 short sword, wearing a +0 cloak and carrying a wand of iceblast (lightly wounded, chance to affect: 64%) Maurice's mind is blasted!
Maurice zaps a wand.
The mass of ice explodes!
The iceblast engulfs you.
Aiming: Mindburst
Press: ? - help, Shift-Dir - straight line, f/p - Maurice
Aim: Maurice, wielding a +0 short sword, wearing a +0 cloak and carrying a wand of iceblast (moderately wounded, chance to affect: 64%) Maurice's mind is blasted!
Maurice zaps a wand.
The mass of ice explodes!
The iceblast engulfs you.
Aiming: Mindburst
Press: ? - help, Shift-Dir - straight line, f/p - Maurice
Aim: Maurice, wielding a +0 short sword, wearing a +0 cloak and carrying a wand of iceblast (heavily wounded, chance to affect: 64%) Maurice's mind is blasted!
Aiming: Mindburst
Press: ? - help, Shift-Dir - straight line, f/p - Maurice
Aim: Maurice, wielding a +0 short sword, wearing a +0 cloak and carrying a wand of iceblast (severely wounded, chance to affect: 64%) Maurice's mind is blasted!
Aiming: Mindburst
Press: ? - help, Shift-Dir - straight line, f/p - Maurice
Aim: Maurice, wielding a +0 short sword, wearing a +0 cloak and carrying a wand of iceblast (almost dead, chance to affect: 64%) Maurice's mind is blasted!
You blow up Maurice!
Okawaru is honoured by your kill.
Your Throwing skill increases to level 4!
A troll comes into view.
A troll is nearby!
A troll is nearby!
A troll is nearby!
A troll is nearby!
You hit the troll. You freeze the troll. Your headbutt misses the troll.
The troll is lightly wounded.
The troll bites you! You block the troll's attack. The troll claws you.
You slash the troll! You freeze the troll!
You headbutt the troll, but do no damage.
The troll is heavily wounded.
The troll bites you! You block the troll's attack. x2
You slice the troll!! You freeze the troll!
You kill the troll!
Okawaru accepts your kill.
The troll leather armour is intact enough to wear.
You have reached level 11!
A white ugly thing comes into view.
A white ugly thing is nearby!
A white ugly thing is nearby!
A white ugly thing is nearby!
Things that are here:
a +0 troll leather armour; a troll corpse The white ugly thing gurgles horribly!
You gain the combat prowess of a mighty hero.
You fail to use your ability.
You throw a boomerang.
The boomerang completely misses the white ugly thing.
You throw a boomerang.
The boomerang hits the white ugly thing.
The white ugly thing is lightly wounded.
You slash the white ugly thing! You freeze the white ugly thing.
The white ugly thing is moderately wounded.
The white ugly thing closely misses you.
You hit the white ugly thing. You freeze the white ugly thing.
The white ugly thing is heavily wounded.
The white ugly thing headbutts you but does no damage.
You hit the white ugly thing.
Your headbutt misses the white ugly thing.
The white ugly thing is heavily wounded.
The white ugly thing headbutts you but does no damage.
You hit the white ugly thing.
The white ugly thing is heavily wounded.
You barely miss the white ugly thing.
You headbutt the white ugly thing, but do no damage.
The white ugly thing is heavily wounded.
The white ugly thing headbutts you. The white ugly thing freezes you!
You hit the white ugly thing.
The white ugly thing is heavily wounded.
You block the white ugly thing's attack.
You closely miss the white ugly thing.
The white ugly thing is heavily wounded.
The white ugly thing headbutts you. The white ugly thing freezes you!!
You die...

#......#....###.# #>
+......'.##.....#
#..#......#.########
#..................
########.####.###.####
#.....##.# #.# #.....
#.....##'## #.#.#.....
#.........###...######
#####..u@..).').####.....
#......#..$.)##)# #+####
#.######......#.##
#.###..[..........#
#.................#
####..###........... #..#
#.......#...
#.##############..
#..†......


You could see a white ugly thing.

Vanquished Creatures
  2 two-headed ogres (D:9)
  Maurice (D:9)
  Maggie (D:8)
  A troll (D:9)
  Grinder (D:3)
  Prince Ribbit (D:5)
  A wyvern (D:9)
  9 yaks (D:9)
  2 steam dragons
  Menkaure (D:7)
  An acid dragon (D:9)
  A water moccasin (D:7)
  Duvessa (D:5)
  2 ice beasts
  2 orc warriors (D:8)
  A black bear (D:6)
  2 ogres (D:5)
  2 centaurs
  3 phantoms
  3 bullfrogs
  2 scorpions
  2 gnoll sergeants
  13 wights
  Dowan (D:5)
  4 howler monkeys
  2 bombardier beetles (D:6)
  5 jellies
  Crazy Yiuf (D:5)
  A gnoll bouda (D:9)
  3 orc priests
  A sleepcap (D:5)
  13 orc wizards
  3 iguanas
  9 gnolls
  3 adders
  2 ufetubi (D:5)
  3 ribbon worms
  3 dart slugs
  20 orcs
  3 bats
  7 endoplasms
  A giant cockroach (D:3)
  10 goblins
  8 hobgoblins
  4 jackals (D:2)
  4 kobolds
  A quokka (D:2)
  10 ball pythons
  7 frilled lizards
  9 rats
193 creatures vanquished.

Notes
Turn   | Place    | Note
-------+----------+-------------------------------------------
     0 | D:1      | browni3141 the Minotaur Fighter began the quest for the
                  | Orb.
     0 | D:1      | Reached XP level 1. HP: 19/19 MP: 0/0
   179 | D:1      | Reached XP level 2. HP: 21/27 MP: 1/1
   399 | D:1      | Reached skill level 3 in Axes
   448 | D:1      | Found a faded altar of an unknown god.
   729 | D:2      | Reached XP level 3. HP: 24/33 MP: 2/2
  1350 | D:3      | Reached XP level 4. HP: 23/40 MP: 3/3
  1354 | D:3      | Reached skill level 4 in Axes
  1444 | D:3      | Noticed Grinder
  1449 | D:3      | Paralysed by Grinder for 5 turns
  1457 | D:3      | Killed Grinder
  1458 | D:3      | Reached skill level 5 in Axes
  1458 | D:3      | Reached XP level 5. HP: 22/47 MP: 4/4
  1458 | D:3      | Reached XP level 6. HP: 26/55 MP: 5/5
  1587 | D:3      | Found a transporter.
  1597 | D:3      | Found a transporter.
  1608 | D:3      | Found a blossoming altar of Fedhas.
  1628 | D:3      | Reached skill level 5 in Shields
  1741 | D:3      | Found a hazy altar of Hepliaklqana.
  1741 | D:3      | Found an ancient bone altar of Kikubaaqudgha.
  1978 | D:3      | Found a sparkling altar of Nemelex Xobeh.
  2044 | D:3      | Identified the +0 mace of Izod {pain, rPois rF- Int+5}
  2217 | D:3      | Reached skill level 5 in Armour
  2353 | D:3      | Reached skill level 5 in Fighting
  2468 | D:3      | Reached skill level 6 in Axes
  2657 | D:4      | Reached XP level 7. HP: 46/61 MP: 6/6
  2969 | D:5      | Entered Level 5 of the Dungeon
  3059 | D:5      | Found Lionn's Antique Weapon Shop.
  3296 | D:5      | Noticed Duvessa
  3297 | D:5      | Noticed Dowan
  3306 | D:5      | Killed Duvessa
  3307 | D:5      | Reached skill level 7 in Axes
  3309 | D:5      | Killed Dowan
  3454 | D:5      | Reached XP level 8. HP: 32/70 MP: 7/7
  3623 | D:5      | Found a runed translucent door.
  3624 | D:5      | Noticed Crazy Yiuf
  3632 | D:5      | Killed Crazy Yiuf
  3755 | D:5      | Noticed Prince Ribbit
  3780 | D:5      | Killed Prince Ribbit
  4062 | D:4      | Reached skill level 8 in Axes
  4138 | D:4      | Found Qomoj's Magic Scroll Emporium.
  4146 | D:4      | Bought a scroll of identify for 28 gold pieces
  4146 | D:4      | Bought a scroll of identify for 28 gold pieces
  4146 | D:4      | Bought a scroll of identify for 28 gold pieces
  4146 | D:4      | Bought a scroll of revelation for 105 gold pieces
  4146 | D:4      | Bought a scroll of immolation for 56 gold pieces
  4608 | D:6      | Found a staircase to the Ecumenical Temple.
  4731 | Temple   | Entered the Ecumenical Temple
  4754 | Temple   | Became a worshipper of Warmaster Okawaru
  5027 | D:6      | Reached skill level 9 in Axes
  5339 | D:6      | Identified the +4 dagger of Rabov {holy, rElec rF++ rC-
                  | Int+3}
  5568 | D:6      | Reached XP level 9. HP: 58/79 MP: 8/8
  5878 | D:7      | Reached * piety under Okawaru
  5895 | D:7      | Reached skill level 10 in Axes
  6489 | D:7      | Noticed Menkaure
  6492 | D:7      | Killed Menkaure
  6893 | D:7      | Reached skill level 1 in Throwing
  6893 | D:7      | Reached skill level 1 in Invocations
  7121 | D:8      | Reached ** piety under Okawaru
  7301 | D:8      | Noticed Maggie
  7307 | D:8      | Killed Maggie
  7308 | D:8      | Reached XP level 10. HP: 52/88 MP: 7/10
  8273 | D:9      | Noticed a two-headed ogre
  8283 | D:9      | Reached skill level 11 in Axes
  8284 | D:9      | Killed a two-headed ogre
  8290 | D:9      | Reached *** piety under Okawaru
  8625 | D:9      | Noticed a two-headed ogre
  8633 | D:9      | Killed a two-headed ogre
  8854 | D:9      | Noticed Maurice
  8861 | D:9      | Reached skill level 12 in Axes
  8865 | D:9      | Reached **** piety under Okawaru
  8901 | D:9      | Killed Maurice
  8914 | D:9      | Reached XP level 11. HP: 29/97 MP: 12/12
  8926 | D:9      | Noticed a white ugly thing
  8952 | D:9      | Mangled by a white ugly thing

Illustrated notes

Levels and vault maps discovered:
D:1:      ebering_hopf_link, layout_loops_ring, ebering_ecumenical_altar_webs
D:2:      layout_basic
D:3:      minmay_razor_zed, layout_loops_ring, gammafunk_temple_overflow_arena,
          nicolae_overflow_two_pavilions, serial_forest,
          infiniplex_forest_clump_small, infiniplex_forest_lined_4_way,
          infiniplex_forest_straight_4, infiniplex_forest_straight_1,
          infiniplex_forest_lined_room_2, infiniplex_forest_clump_curved,
          infiniplex_forest_clump_curved, infiniplex_forest_end_1, uniq_grinder
D:4:      layout_cave_pools, serial_shops, shop
D:5:      layout_basic, serial_shops, nicolae_stop_n_shop_1, uniq_duvessa,
          uniq_prince_ribbit1, uniq_crazy_yiuf_cottage
D:6:      layout_basic, minmay_temple_entry_glassed_door
D:7:      kennysheep_steamy, layout_layer_cave, uniq_menkaure
D:8:      layout_gridville, minmay_starry_boxes, uniq_maggie
D:9:      minmay_the_grid_triangle_9x9_recursive_2_mashed
          [minmay_the_grid_triangle_9x9_prize_schism,
          minmay_the_grid_triangle_9x9_corrupted_corridor,
          minmay_the_grid_triangle_9x9_thin_v,
          minmay_the_grid_triangle_9x9_sparse_checkered], layout_basic,
          uniq_maurice
Temple:   nicolae_temple_bog_church

Skill      XL: |  1  2  3  4  5  6  7  8  9 10 |
---------------+-------------------------------+-----
Axes           | 3 5 6 7 9 10 12 | 12.2
Shields        | 4 5 6 7 8 9 |  9.4
Armour         | 4 5 6 7 8 9 |  9.3
Fighting       | 4 5 6 7 8 9 |  9.3
Throwing       | 2 4 |  4.1
Invocations    | 2 3 |  3.9

Action                     |  1- 3 |  4- 6 |  7- 9 | 10-12 || total
---------------------------+-------+-------+-------+-------++-------
  Melee: War axe           |    87 |    82 |    65 |       ||   234
         Headbutt          |     8 |    11 |    45 |    13 ||    77
         Broad axe         |       |       |   135 |    88 ||   223
  Throw: Boomerang         |       |       |     9 |     8 ||    17
 Invoke: Heroism           |       |       |     1 |     4 ||     5
  Evoke: Wand              |       |       |       |     6 ||     6
    Use: Potion            |       |     1 |       |       ||     1
         Scroll            |       |       |    18 |     3 ||    21
 Armour: Scale mail        |    62 |    63 |     2 |       ||   127
         Leather armour    |       |       |   118 |       ||   118
         Plate armour      |       |       |    53 |    72 ||   125
         Steam dragon scal |       |       |       |    20 ||    20
  Dodge: Dodged            |    38 |    38 |    66 |    25 ||   167
  Block: Buckler           |    25 |    17 |    61 |    42 ||   145
